 Dungeon Crawl Stone Soup version 0.24.0-125-gc4c63601f3 (webtiles) character file.

Game seed: 15071785422011035864, levelgen mode: deterministic

70989 Frank2 the Bludgeoner (level 14, -4/118 HPs)
             Began as a Demonspawn Gladiator on Mar 22, 2020.
             Was the Champion of Makhleb.
             Slain by an Ice Fiend (12 damage)
             ... in an ice cave.
             The game lasted 00:41:50 (20351 turns).

Frank2 the Bludgeoner (Demonspawn Gladiator)       Turns: 20351, Time: 00:41:51

Health: -4/118     AC: 26    Str: 26    XL:     14   Next: 96%
Magic:  15/15      EV: 19    Int: 11    God:    Makhleb [******]
Gold:   1524       SH:  4    Dex: 37    Spells: 13/13 levels left

rFire    + . .     SeeInvis +   m - +3 eveningstar "Olaatroh" {freeze, *Contam rF+ rN++}
rCold    + . .     Gourm    .   (no shield)
rNeg     + + +     Faith    .   s - +4 plate armour {MR+}
rPois    +         Spirit   .   (helmet restricted)
rElec    .         Reflect  +   p - +2 cloak
rCorr    .         Harm     .   O - +2 pair of gloves of Beih Tei {*Drain rN+ Dex+7 SInv}
MR       ++...                  (no boots)
Stlth    ++++......             t - amulet "Nuathoh" {Reflect rPois MR- Str+7 SH+4 Stlth+}
HPRegen  0.29/turn              n - ring "Putiulau" {+Inv rPois rC+ MR+}
MPRegen  0.14/turn              y - ring "Cediubea" {rN+ Str+3 Int+2 SInv}

@: agile, studying Conjurations
A: horns 2, thin skeletal structure 3, nightstalker 2, powered by pain 1
a: Minor Destruction, Lesser Servant of Makhleb, Major Destruction, Greater
Servant of Makhleb, Renounce Religion, Evoke Invisibility


You were in an ice cave.
You worshipped Makhleb.
Makhleb was exalted by your worship.
You were very hungry.

You visited 5 branches of the dungeon, and saw 21 of its levels.
You also visited: Ice Cave.

You collected 2408 gold pieces.
You spent 884 gold pieces at shops.

Inventory:

Hand Weapons
 g - a +2 morningstar of protection
 m - the +3 eveningstar "Olaatroh" (weapon) {freeze, *Contam rF+ rN++}
   (You acquired it on level 6 of the Lair of Beasts)

   It has been specially enchanted to freeze those struck by it, causing extra
   injury to most foes and up to half again as much damage against particularly
   susceptible opponents.
   It can also slow down cold-blooded creatures.
   It protects you from fire.
   It greatly protects you from negative energy.
   It causes magical contamination when unequipped.
Missiles
 z - a throwing net (quivered)
Armour
 i - the +2 pair of gloves "Pycuzxuz" {Str+3 Slay+5, unknown}
   (You bought it in a shop on level 2 of the Orcish Mines)

   It affects your strength (+3).
   It affects your accuracy and damage with ranged weapons and melee attacks
   (+5).
 p - a +2 cloak (worn)
 s - a +4 plate armour of magic resistance (worn)
 O - the +2 pair of gloves of Beih Tei (worn) {*Drain rN+ Dex+7 SInv}
   (You acquired it on level 6 of the Lair of Beasts)

   It affects your dexterity (+7).
   It protects you from negative energy.
   It lets you see invisible.
   It causes draining when unequipped.
Jewellery
 h - an uncursed ring of resist corrosion
 n - the ring "Putiulau" (left hand) {+Inv rPois rC+ MR+}
   (You acquired it on level 6 of the Lair of Beasts)

   [ring of protection from cold]

   It protects you from cold.
   It protects you from poison.
   It affects your resistance to hostile enchantments.
   It lets you turn invisible.
 t - the amulet "Nuathoh" (around neck) {Reflect rPois MR- Str+7 SH+4 Stlth+}
   (You bought it in a shop on level 2 of the Orcish Mines)

   [amulet of reflection]

   It shields you and reflects attacks.
   It affects your strength (+7).
   It protects you from poison.
   It affects your resistance to hostile enchantments.
   It affects your SH (+4).
   It makes you more stealthy.
 x - the ring "Xigek" {rPois Str+2 Dex+3 Stlth-}
   (You took it off a centaur warrior on level 10 of the Dungeon)

   [ring of attention]

   It affects your strength (+2).
   It affects your dexterity (+3).
   It protects you from poison.
   It makes you less stealthy.
 y - the ring "Cediubea" (right hand) {rN+ Str+3 Int+2 SInv}
   (You found it on level 8 of the Dungeon)

   [ring of intelligence]

   It affects your strength (+3).
   It affects your intelligence (+2).
   It protects you from negative energy.
   It lets you see invisible.
Wands
 d - a wand of flame (6)
 k - a wand of paralysis (15)
 H - a wand of iceblast (5)
Scrolls
 b - 4 scrolls of magic mapping
 e - a scroll of brand weapon {unknown}
 o - 8 scrolls of remove curse
 q - 2 scrolls of fear
 u - a scroll of identify
 v - 5 scrolls of teleportation
 B - 2 scrolls of fog
 K - a scroll of silence
Potions
 a - 4 potions of mutation
 c - 3 potions of haste
 j - 2 potions of lignification
 l - a potion of invisibility
 r - 4 potions of flight
 A - a potion of magic
 D - 2 potions of brilliance {unknown}
 F - 2 potions of heal wounds
 G - 3 potions of curing
 J - 2 potions of resistance
Books
 w - a manual of Conjurations
Comestibles
 f - 26 rations


   Skills:
 + Level 13.0 Fighting
 + Level 16.8 Maces & Flails
 - Level 1.7 Throwing
 + Level 11.3 Armour
 + Level 6.0 Dodging
 + Level 2.2 Evocations


You had 13 spell levels left.
You didn't know any spells.
Your spell library contained the following spells:

 Spells                   Type           Power        Failure   Level  Hunger
 Animate Skeleton         Necr           N/A          97%         1    ##.....
 Apportation              Tloc           #.....       97%         1    ##.....
 Confusing Touch          Hex            #.....       97%         1    ##.....
 Magic Dart               Conj           #...         97%         1    ##.....
 Summon Small Mammal      Summ           #...         97%         1    ##.....
 Blink                    Tloc           N/A          99%         2    ###....
 Call Imp                 Summ           #.......     99%         2    ###....
 Slow                     Hex            #.......     99%         2    ###....
 Conjure Flame            Conj/Fire      #.......     100%        3    ####...
 Mephitic Cloud           Conj/Pois/Air  #.......     100%        3    ####...
 Ice Form                 Ice/Tmut       #.......     100%        4    #####..
 Bolt of Magma            Conj/Fire/Erth #.........   100%        5    ######.
 Iskenderun's Battlesphe  Conj/Chrm      #.......     100%        5    ######.
 Metabolic Englaciation   Hex/Ice        #.........   100%        5    ######.
 Venom Bolt               Conj/Pois      #.........   100%        5    ######.
 Bolt of Cold             Conj/Ice       #.........   100%        6    #######
 Freezing Cloud           Conj/Ice/Air   #.........   100%        6    #######
 Iron Shot                Conj/Erth      #.........   100%        6    #######
 Ozocubu's Refrigeration  Ice            #.........   100%        6    #######
 Simulacrum               Ice/Necr       #.........   100%        6    #######
 Orb of Destruction       Conj           #.........   100%        7    #######
 Spellforged Servitor     Conj/Summ      #.........   100%        7    #######


Dungeon Overview and Level Annotations

Branches:
Dungeon (11/15)            Temple (1/1) D:7            Lair (6/6) D:10
  Swamp (0/4) Lair:4       Spider (1/4) Lair:3        Slime (0/5) Lair:5
    Orc (2/2) D:11            Elf (0/3) Orc:2         IceCv (1/1)

Altars:
Ashenzari
Cheibriados
Dithmenos
Elyvilon
Fedhas
Gozag
Kikubaaqudgha
Makhleb
Okawaru
Qazlal
Trog
Vehumet
Wu Jian
Yredelemnul
Zin
The Shining One
Beogh
Jiyva

Shops:
D:2 *   Orc:2 =*[(*

Annotations:
D:10 1 runed translucent door


Innate Abilities, Weirdness & Mutations

You have a pair of horns on your head.
You have an unnaturally thin skeletal structure. (Dex +6, Stealth++)
You are significantly more attuned to the shadows.
You sometimes gain a little power by taking damage.


Message History

You focus on the pain.
You feel more agile all of a sudden. The Ice Fiend misses you.
Your plate armour prevents you from hitting the Ice Fiend.
The Ice Fiend is lightly wounded.
The Ice Fiend barely misses you. x2
You bludgeon the Ice Fiend!! You headbutt the Ice Fiend!
The Ice Fiend is heavily wounded.
You sock the Ice Fiend!
The Ice Fiend is severely wounded.
The Ice Fiend gestures at you. The bolt of cold hits you! You resist.
You hit the Ice Fiend but do no damage.
The Ice Fiend is severely wounded.
The Ice Fiend claws you!
* * * LOW HITPOINT WARNING * * *
The Ice Fiend freezes you! You resist.
* * * LOW HITPOINT WARNING * * *
The Ice Fiend claws you!
You die...

#.###.8...8.###
#.#.'.......'.#
#'######'######
#.............
####..#####.8#
##.#)??# ##
#.#?⌠?# #.#1?!#
#.##@##.#
#.....^.#
####.#### ###


You could see an Ice Fiend.

Vanquished Creatures
  An orc warlord (Orc:2)
  An ettin (Orc:1)
  Josephine (D:11)
  5 hydras
  A centaur warrior (D:10)
  3 two-headed ogres
  A death knight (D:10)
  4 catoblepae (Lair:6)
  A queen ant (D:11)
  9 death yaks (Lair:6)
  3 orc high priests (Orc:2)
  Nergalle (D:10)
  An unseen horror (D:11)
  Pikel (D:8)
  3 wolf spiders (Spider:1)
  2 manticores (Lair:6)
  2 orb spiders (Spider:1)
  A centaur zombie (D:10)
  An orc sorcerer (Orc:2)
  7 orc knights
  6 elephants (Lair:3)
  A black mamba (Lair:5)
  Joseph (D:7)
  4 ice statues (IceCv)
  A gargoyle (D:10)
  8 spiny frogs
  A kobold demonologist (D:11)
  2 demonic crawlers
  2 rime drakes
  A golden dragon simulacrum (IceCv)
  8 ice devils (IceCv)
  5 komodo dragons
  4 trolls
  A jumping spider (Spider:1)
  Grinder (D:5)
  3 polar bears
  A meliai (shapeshifter) (D:10)
  5 blink frogs (Lair:6)
  6 hippogriffs
  4 dream sheep (Lair:5)
  A slime creature (D:10)
  A shadow (D:10)
  2 redbacks (Spider:1)
  5 wraiths
  55 yaks
  2 tarantellas (Spider:1)
  A wyvern (D:10)
  5 basilisks
  A steam dragon (D:11)
  6 vampire mosquitoes (Lair:4)
  Menkaure (D:7)
  3 harpy simulacra (IceCv)
  5 wargs
  2 iron troll simulacra (IceCv)
  3 hydra simulacra (IceCv)
  11 soldier ants (D:11)
  15 water moccasins
  8 porcupines
  26 orc warriors
  7 sky beasts
  3 slaves (D:8)
  A black bear (D:9)
  3 ice beasts
  An ettin simulacrum (IceCv)
  2 phantoms
  4 centaurs
  12 ogres
  6 wolves
  4 boggarts (Lair:4)
  A necrophage (D:8)
  10 crocodiles
  4 big kobolds
  9 bullfrogs
  7 scorpions
  A killer bee (D:6)
  An electric eel (Lair:3)
  A bullfrog zombie (D:5)
  10 crimson imps
  3 jellies (D:8)
  A quasit (D:9)
  8 hounds
  13 orc wizards
  11 orc priests
  A bullfrog skeleton (D:6)
  A human skeleton (D:10)
  Ijyb (D:5)
  6 iguanas
  37 worker ants
  A killer bee zombie (D:6)
  A hound zombie (D:9)
  2 hound skeletons
  2 worker ant zombies
  5 gnolls
  13 adders
  A shadow imp (D:6)
  5 oozes (D:8)
  2 adder skeletons
  An adder zombie (D:6)
  7 worms
  9 leopard geckos
  70 orcs
  A ball python (D:7)
  A giant cockroach (D:3)
  8 goblins
  9 hobgoblins
  5 jackals
  13 kobolds
  5 quokkas
  3 bats
  8 frilled lizards
  2 jackal zombies
  A leopard gecko skeleton (D:4)
  A leopard gecko zombie (D:8)
  11 rats
  A plant (Lair:6)
624 creatures vanquished.

Vanquished Creatures (others)
  A bullfrog (D:8)
  An orc wizard (D:8)
  2 orcs (D:8)
  2 kobolds (D:9)
  6 bushes
  20 fungi
  37 plants
69 creatures vanquished.

Grand Total: 693 creatures vanquished

Notes
Turn   | Place    | Note
-------+----------+-------------------------------------------
     0 | D:1      | Frank2 the Demonspawn Gladiator began the quest for the
                  | Orb.
     0 | D:1      | Reached XP level 1. HP: 16/16 MP: 1/1
    81 | D:1      | Gained mutation: You have a somewhat thin skeletal
                  | structure. (Dex +2, Stealth) [demonic ancestry]
    81 | D:1      | Reached XP level 2. HP: 16/22 MP: 2/2
    98 | D:1      | Reached skill level 3 in Maces & Flails
   458 | D:1      | Gained mutation: You are slightly more attuned to the
                  | shadows. [demonic ancestry]
   458 | D:1      | Reached XP level 3. HP: 19/27 MP: 3/3
   925 | D:2      | Found Zin's Purification Station.
   928 | D:2      | Found a glowing silver altar of Zin.
  1995 | D:3      | Reached XP level 4. HP: 34/34 MP: 4/4
  2044 | D:3      | Reached skill level 4 in Maces & Flails
  2044 | D:3      | Reached skill level 1 in Armour
  2404 | D:4      | Noticed an ogre
  2415 | D:4      | Killed an ogre
  2415 | D:4      | Reached XP level 5. HP: 40/40 MP: 5/5
  2438 | D:4      | Noticed a phantom
  2470 | D:4      | Killed a phantom
  2470 | D:4      | Reached skill level 5 in Maces & Flails
  2470 | D:4      | Gained mutation: You have a pair of small horns on your
                  | head. [demonic ancestry]
  2470 | D:4      | Reached XP level 6. HP: 24/47 MP: 6/6
  3017 | D:5      | Entered Level 5 of the Dungeon
  3190 | D:5      | Noticed Grinder
  3193 | D:5      | Paralysed by Grinder for 7 turns
  3236 | D:5      | Killed Grinder
  3236 | D:5      | Reached skill level 6 in Maces & Flails
  3236 | D:5      | Gained mutation: You are significantly more attuned to the
                  | shadows. [demonic ancestry]
  3236 | D:5      | Reached XP level 7. HP: 20/52 MP: 7/7
  3853 | D:5      | Noticed Ijyb
  3869 | D:5      | Killed Ijyb
  4378 | D:6      | Reached skill level 7 in Maces & Flails
  4486 | D:6      | Gained mutation: You have a pair of horns on your head.
                  | [demonic ancestry]
  4486 | D:6      | Reached XP level 8. HP: 60/60 MP: 8/8
  4508 | D:6      | Found a shadowy altar of Dithmenos.
  4992 | D:6      | Noticed a hippogriff
  5272 | D:6      | Reached skill level 8 in Maces & Flails
  5305 | D:6      | Reached skill level 5 in Fighting
  5612 | D:6      | Killed a hippogriff
  5612 | D:6      | Reached XP level 9. HP: 64/68 MP: 9/9
  6230 | D:7      | Reached skill level 5 in Armour
  6302 | D:7      | Reached skill level 9 in Maces & Flails
  6327 | D:7      | Found a staircase to the Ecumenical Temple.
  6492 | D:7      | Noticed Menkaure
  6501 | D:7      | Killed Menkaure
  6594 | D:7      | Noticed Joseph
  6594 | D:7      | Paralysed by Joseph for 7 turns
  6613 | D:7      | Killed Joseph
  7185 | D:8      | Noticed Pikel
  7196 | D:8      | Killed Pikel
  7196 | D:8      | Reached skill level 10 in Maces & Flails
  7196 | D:8      | Reached skill level 1 in Evocations
  7202 | D:8      | Reached XP level 10. HP: 61/76 MP: 10/10
  7847 | D:8      | Got an ancient jade ring
  7975 | D:8      | Identified the ring "Cediubea" {rN+ Str+3 Int+2 SInv} (You
                  | found it on level 8 of the Dungeon)
  8045 | D:9      | Noticed a two-headed ogre
  8063 | D:9      | Killed a two-headed ogre
  8381 | D:9      | Reached skill level 11 in Maces & Flails
  8641 | D:10     | Entered Level 10 of the Dungeon
  8699 | D:10     | Found a runed translucent door.
  8700 | D:10     | Found a basalt altar of Yredelemnul.
  8719 | D:10     | Noticed Nergalle
  8733 | D:10     | Killed Nergalle
  8733 | D:10     | Reached skill level 5 in Dodging
  8906 | D:10     | Reached XP level 11. HP: 72/84 MP: 12/12
  8961 | D:10     | Found a runed translucent door.
  8961 | D:10     | Found a runed translucent door.
  8969 | D:10     | Noticed a two-headed ogre
  8979 | D:10     | Killed a two-headed ogre
  8979 | D:10     | Reached skill level 12 in Maces & Flails
  9037 | D:10     | Identified the +1 robe "Axegovah" {Dex+4}
  9037 | D:10     | Identified the ring "Xigek" {rPois Str+2 Dex+3 Stlth-}
  9037 | D:10     | Noticed a centaur warrior
  9046 | D:10     | Noticed a death knight
  9049 | D:10     | Killed a centaur warrior
  9449 | Temple   | Entered the Ecumenical Temple
  9472 | Temple   | Became a worshipper of Makhleb the Destroyer
  9936 | D:10     | HP: 4/87 [yak (6)]
 10319 | D:10     | Killed a death knight
 10444 | D:10     | Found a staircase to the Lair.
 10463 | D:10     | Reached skill level 13 in Maces & Flails
 10872 | D:11     | Reached * piety under Makhleb
 10875 | D:11     | Noticed a queen ant
 10899 | D:11     | Killed a queen ant
 10899 | D:11     | Gained mutation: You sometimes gain a little power by
                  | taking damage. [demonic ancestry]
 10899 | D:11     | Reached XP level 12. HP: 83/95 MP: 13/13
 11014 | D:11     | Reached ** piety under Makhleb
 11530 | D:11     | Noticed a two-headed ogre
 11537 | D:11     | Killed a two-headed ogre
 11644 | Lair:1   | Entered Level 1 of the Lair of Beasts
 12363 | Lair:2   | Reached skill level 14 in Maces & Flails
 12471 | Lair:2   | Reached *** piety under Makhleb
 12675 | Lair:3   | Found a hole to the Spider Nest.
 12872 | Lair:3   | Reached skill level 10 in Fighting
 13221 | Lair:3   | Gained mutation: You have a moderately thin skeletal
                  | structure. (Dex +4, Stealth+) [demonic ancestry]
 13221 | Lair:3   | Reached XP level 13. HP: 103/103 MP: 14/14
 13771 | Lair:4   | Reached **** piety under Makhleb
 13887 | Lair:4   | Reached skill level 15 in Maces & Flails
 14068 | Lair:4   | Found a staircase to the Swamp.
 14105 | Lair:4   | Found an opulent altar of Gozag.
 14922 | Lair:5   | Found a staircase to the Slime Pits.
 14922 | Lair:5   | Found a viscous altar of Jiyva.
 15989 | Lair:6   | Entered Level 6 of the Lair of Beasts
 16100 | Lair:6   | Reached ***** piety under Makhleb
 16261 | Lair:6   | Reached skill level 10 in Armour
 16379 | Lair:6   | Gained mutation: You have an unnaturally thin skeletal
                  | structure. (Dex +6, Stealth++) [demonic ancestry]
 16379 | Lair:6   | Reached XP level 14. HP: 90/113 MP: 15/15
 16475 | Lair:6   | Identified 4 scrolls of acquirement
 16476 | Lair:6   | Got a pair of steaming gloves
 16477 | Lair:6   | Identified the +2 pair of gloves of Beih Tei {*Drain rN+
                  | Dex+7 SInv} (You acquired it on level 6 of the Lair of
                  | Beasts)
 16663 | Lair:6   | Reached skill level 16 in Maces & Flails
 17159 | Lair:6   | Got a polished eveningstar
 17161 | Lair:6   | Got a heavily runed jade ring
 17163 | Lair:6   | Identified the ring "Putiulau" {+Inv rPois rC+ MR+} (You
                  | acquired it on level 6 of the Lair of Beasts)
 17166 | Lair:6   | Identified the +3 eveningstar "Olaatroh" {freeze, *Contam
                  | rF+ rN++} (You acquired it on level 6 of the Lair of
                  | Beasts)
 17394 | D:11     | Noticed Josephine
 17403 | D:11     | Killed Josephine
 17587 | D:11     | Found a staircase to the Orcish Mines.
 17591 | D:11     | Found a roughly hewn altar of Beogh.
 17709 | Orc:1    | Entered Level 1 of the Orcish Mines
 18094 | Orc:2    | Entered Level 2 of the Orcish Mines
 18129 | Orc:2    | Reached ****** piety under Makhleb
 18359 | Orc:2    | Noticed an orc warlord
 18361 | Orc:2    | Found Saonaa's Antique Weapon Shop.
 18395 | Orc:2    | Killed an orc warlord
 18442 | Orc:2    | Found Boreonor's Assorted Antiques.
 18475 | Orc:2    | Found Iwepso Naqa's General Store.
 18563 | Orc:2    | Found Xires's Jewellery Shop.
 18627 | Orc:2    | Found Areryh's Antique Armour Shop.
 18721 | Orc:2    | Found a staircase to the Elven Halls.
 19102 | Orc:2    | Bought a pair of warped gloves for 266 gold pieces
 19124 | Orc:2    | Bought the amulet "Nuathoh" {Reflect rPois MR- Str+7 SH+4
                  | Stlth+} for 618 gold pieces
 19229 | Spider:1 | Entered Level 1 of the Spider Nest
 19276 | Spider:1 | Found a frozen archway.
 19354 | IceCv    | Entered an ice cave
 20336 | IceCv    | Noticed an Ice Fiend
 20351 | IceCv    | Slain by an Ice Fiend

Levels and vault maps discovered:
D:1:      dpeg_arrival_tiny_j, layout_basic, minmay_misc_feat_tiny
D:2:      layout_basic, zin_purify, minmay_puff
D:3:      layout_basic, minmay_between
D:4:      layout_cave_pools, first_ration
D:5:      layout_basic, uniq_grinder, uniq_ijyb
D:6:      wad_guarded_room, layout_basic, nicolae_dithmenos_the_darkroom
D:7:      layout_rooms, minmay_temple_entry_enclosed_plants, uniq_joseph,
          uniq_menkaure
D:8:      layout_gridville, hangedman_little_slice_of_home, minmay_manual_moon,
          uniq_pikel
D:9:      layout_rooms
D:10:     minmay_the_grid_triangle_9x9_rhombus_thin
          [minmay_the_grid_triangle_9x9_tough_junction,
          minmay_the_grid_triangle_9x9_prize_schism,
          minmay_the_grid_triangle_9x9_skeleton,
          minmay_the_grid_triangle_9x9_corruption], layout_long_grid,
          minmay_lair_entry_grove, dk_yredelemnul_ordeal, uniq_nergalle
D:11:     layout_cave_pools, minmay_orc_entry_temple_small,
          hangedman_decor_riveting, zaba_anthell, uniq_josephine
Temple:   nicolae_temple_the_god_donut
Lair:1:   layout_chaotic_city
Lair:2:   layout_big_grid
Lair:3:   layout_layer_cave, nicolae_spider_entry_non_spiders, serial_bayou,
          serial_bayou_pond_a, serial_bayou_ford_a, serial_bayou_lagoon_b,
          serial_bayou_pond_c, serial_bayou_pond_c
Lair:4:   layout_roguey, minmay_swamp_entry_swarm, basic_altar,
          kilobyte_rumbling_trees
Lair:5:   layout_loops_ring, slime_altar_1, serial_bayou_crossing
Lair:6:   evilmike_catoblepas_cave, layout_loops_ring,
          infiniplex_staircase_pool_2, grunt_megastairs_5, lemuel_fruit_fields
Spider:1: layout_spider_delve, portal_ice_cave_entry_pillars_1, special_room
          [special_room_bee], drop_trap
Orc:1:    layout_diamond_mine
Orc:2:    grunt_orc_gardens, layout_caves, grunt_orc_garden, grunt_orc_garden,
          grunt_orc_garden, grunt_orc_garden, serial_shops, shop
IceCv:    ice_cave_tombish

Skill      XL: |  1  2  3  4  5  6  7  8  9 10 11 12 13 14 |
---------------+-------------------------------------------+-----
Maces & Flails | 3 4 5 6 7 8 10 11 13 14 15 16 | 16.8
Dodging        | 3 4 5 6 |  6.0
Armour         | 1 2 3 4 5 6 7 8 10 11 | 11.3
Fighting       | 3 4 5 6 7 9 10 11 13 | 13.0
Evocations     | 1 2 |  2.2
Throwing       | |  1.7

Action                   |  1- 3 |  4- 6 |  7- 9 | 10-12 | 13-15 || total
-------------------------+-------+-------+-------+-------+-------++-------
Melee: Flail             |   123 |   175 |   268 |       |       ||   566
       Headbutt          |       |    22 |   102 |   265 |   342 ||   731
       Morningstar       |       |       |   159 |   834 |   474 ||  1467
       Eveningstar       |       |       |       |       |   416 ||   416
Throw: Throwing net      |     2 |     3 |     5 |       |       ||    10
Evoke: Wand              |       |       |     6 |     7 |     7 ||    20
  Use: Scroll            |     7 |     4 |     4 |    14 |    15 ||    44
       Potion            |       |       |     4 |     5 |     3 ||    12
 Stab: Held in net/web   |     1 |     3 |     2 |       |       ||     6
       Sleeping          |     3 |       |       |     1 |     5 ||     9
       Paralysed         |       |       |       |     5 |     4 ||     9
       Invisible         |       |       |       |       |     8 ||     8
       Distracted        |       |       |       |       |     2 ||     2
  Eat: Chunk             |     4 |     3 |    10 |    17 |    16 ||    50
       Ration            |       |       |     1 |     1 |     2 ||     4
Armor: Leather armour    |    14 |       |       |       |       ||    14
       Chain mail        |    47 |    86 |   257 |   213 |       ||   603
       Plate armour      |       |       |       |   372 |   556 ||   928
Dodge: Dodged            |    48 |    65 |   160 |   373 |   486 ||  1132
Block: Other             |       |     8 |    83 |   163 |   150 ||   404
       Reflection        |       |       |     2 |     6 |     2 ||    10
